 Dungeon Crawl Stone Soup version 0.22.1-2-g9c5b331 (webtiles) character file.

8236 Gearfox the Cleaver (level 11, -5/97 HPs)
             Began as a Hill Orc Fighter on Dec 6, 2018.
             Was a Believer of Makhleb.
             Slain by a 12-headed hydra (9 damage)
             ... on level 9 of the Dungeon.
             The game lasted 00:37:28 (10169 turns).

Gearfox the Cleaver (Hill Orc Fighter)             Turns: 10169, Time: 00:37:28

Health: -5/97      AC: 22    Str: 25    XL:     11   Next: 27%
Magic:  14/14      EV:  6    Int:  8    God:    Makhleb [**....]
Gold:   451        SH: 13    Dex: 13    Spells: 10/10 levels left

rFire    . . .     SeeInvis +   m - +3 war axe (vamp)
rCold    . . .     Gourm    .   c - +1 shield
rNeg     . . .     Faith    .   D - +0 plate armour
rPois    .         Spirit   .   l - +2 helmet
rElec    .         Reflect  .   b - +0 cloak
rCorr    .         Harm     .   h - +0 pair of gloves
MR       .....                  k - +0 pair of boots
Stlth    ..........             (no amulet)
HPRegen  0.26/turn              g - ring of see invisible
MPRegen  0.14/turn              s - +3 ring of dexterity

@: no status effects
A: claws 1, hooves 1, blurry vision 1, strong 1
a: Minor Destruction, Renounce Religion


You were on level 9 of the Dungeon.
You worshipped Makhleb.
Makhleb was pleased with you.
You were not hungry.

You visited 2 branches of the dungeon, and saw 10 of its levels.
You also visited: Ossuary.

You collected 684 gold pieces.
You spent 233 gold pieces at shops.

Inventory:

Hand Weapons
 m - a +3 vampiric war axe (weapon)
 w - a cursed +5 flail
Armour
 b - a +0 cloak (worn)
 c - a +1 shield (worn)
 h - a +0 pair of gloves (worn)
 k - a +0 pair of boots (worn)
 l - a +2 helmet (worn)
 y - a +2 buckler
 B - a +1 chain mail of poison resistance
 D - a +0 plate armour (worn)
Jewellery
 g - a ring of see invisible (left hand)
 s - a +3 ring of dexterity (right hand)
 E - an uncursed ring of stealth
Wands
 a - a wand of enslavement (8)
 p - a wand of flame (26)
 r - a wand of random effects (12)
 u - a wand of iceblast (8)
Scrolls
 d - a scroll of teleportation
 j - 3 scrolls of amnesia
 t - 8 scrolls of remove curse
 x - a scroll of blinking
 F - 2 scrolls of identify
Potions
 e - 2 potions of brilliance
 i - a potion of haste
 n - 2 potions of agility
 o - 2 potions of magic
 q - a potion of curing
 v - a potion of mutation
 z - a potion of might
 A - 2 potions of resistance
 H - a potion of invisibility {unknown}
Miscellaneous
 C - a box of beasts
Comestibles
 f - 14 rations
 G - 16 chunks of flesh


   Skills:
 - Level 9.0 Fighting
 * Level 12.4 Axes
 - Level 10.0 Armour
 - Level 9.0 Shields
 + Level 4.5 Invocations
 - Level 3.4 Evocations


You had 10 spell levels left.
You didn't know any spells.
Your spell library contained the following spells:

 Spells                   Type           Power        Failure   Level  Hunger
 Static Discharge         Conj/Air       #.......     100%        3    ####...
 Lightning Bolt           Conj/Air       #.........   100%        5    ######.
 Ignition                 Fire           #.........   100%        8    #######
 Shatter                  Erth           #.........   100%        9    #######
 Tornado                  Air            #.........   100%        9    #######


Dungeon Overview and Level Annotations

Branches:
Dungeon (9/15)             Temple (1/1) D:7
   Lair: D:8-11         Orc: D:9-12

Altars:
Ashenzari
Cheibriados
Dithmenos
Elyvilon
Fedhas
Gozag
Hepliaklqana
Kikubaaqudgha
Makhleb
Nemelex Xobeh
Okawaru
Qazlal
Ru
Sif Muna
Trog
Uskayaw
Vehumet
Wu Jian
Xom
Yredelemnul
Zin
The Shining One

Shops:
D:4 *(%   D:5 :*%?=

Annotations:
D:5 3 runed doors, Kay's ghost, novice DsMo


Innate Abilities, Weirdness & Mutations

You have sharp fingernails.
You have large cloven feet.
Scrolls take you a little longer to read.
Your muscles are strong. (Str +2)


Message History

You feel better.
The 12-headed hydra is severely wounded.
Your orange demon stings the 12-headed hydra from afar!
The 12-headed hydra bites you but does no damage.
The 12-headed hydra closely misses you. You block the 12-headed hydra's attack.
The 12-headed hydra bites you but does no damage.
You block the 12-headed hydra's attack. The 12-headed hydra bites you.
* * * LOW HITPOINT WARNING * * *
The 12-headed hydra barely misses you. You block the 12-headed hydra's attack.
The 12-headed hydra bites you but does no damage. x3
Your ynoxinul hits the 12-headed hydra. You barely miss the 12-headed hydra.
The 12-headed hydra is almost dead.
Your orange demon stings the 12-headed hydra from afar.
You block the 12-headed hydra's attack. The 12-headed hydra bites you!
* * * LOW HITPOINT WARNING * * *
You block the 12-headed hydra's attack.
The 12-headed hydra bites you but does no damage. x2
The 12-headed hydra bites you!
You die...

############################
............................
.........3D@.............###
..######4######...#####..#
#.# #...# #..# #4# #...#
#..# #.# #...# #..# #.#
#...# #..# #.# #...# #..#
#.# #...# #..# . #.# #...#
#..#


You could see a 12-headed hydra, a friendly orange demon and a friendly
ynoxinul.

Vanquished Creatures
  Harold (D:7)
  Erica (D:9)
  Pikel (D:6)
  A queen bee (D:8)
  A troll (D:7)
  Grinder (D:5)
  Prince Ribbit (D:5)
  A hippogriff (D:8)
  Sigmund (D:5)
  5 yaks
  A wyvern (D:7)
  A hungry ghost (D:8)
  Menkaure (D:6)
  3 sky beasts
  5 ice beasts
  2 black bears
  2 orc warriors (D:7)
  2 ogres
  A centaur (D:5)
  Blork the orc (D:5)
  2 big kobolds (D:4)
  2 bullfrogs
  2 water moccasin zombies (Ossuary)
  2 scorpions (D:7)
  14 killer bees
  9 wights
  3 howler monkeys
  5 crimson imps
  A centaur zombie (D:7)
  4 hounds
  2 jellies
  7 orc priests
  2 bullfrog skeletons (D:7)
  A gnoll shaman (D:6)
  3 orc wizards
  Ijyb (D:5)
  2 iguanas
  2 worker ants (D:6)
  A big kobold zombie (Ossuary)
  2 mummies (Ossuary)
  4 gnolls (D:6)
  12 adders
  3 shadow imps
  An ooze (D:5)
  2 adder skeletons
  8 adder zombies
  3 worms
  2 dart slugs
  4 leopard geckos
  14 orcs
  3 ball pythons
  4 bats
  5 giant cockroaches
  4 gnoll zombies (Ossuary)
  6 goblins
  11 hobgoblins
  5 quokkas
  2 frilled lizards (D:1)
  7 hobgoblin zombies (Ossuary)
  18 kobolds
  5 kobold zombies (Ossuary)
  2 leopard gecko skeletons (D:4)
  5 orc zombies (Ossuary)
  2 quokka skeletons
  5 rats
237 creatures vanquished.

Vanquished Creatures (others)
  3 slaves
  A hound (D:6)
  A shadow imp (D:6)
  2 quokkas (D:6)
7 creatures vanquished.

Grand Total: 244 creatures vanquished

Notes
Turn   | Place    | Note
-------+----------+-------------------------------------------
     0 | D:1      | Gearfox the Hill Orc Fighter began the quest for the Orb.
     0 | D:1      | Reached XP level 1. HP: 19/19 MP: 1/1
    30 | D:1      | Reached skill level 3 in Axes
   201 | D:1      | Reached XP level 2. HP: 25/26 MP: 2/2
   266 | D:1      | Reached skill level 4 in Axes
   325 | D:1      | Reached XP level 3. HP: 31/31 MP: 3/3
   734 | D:2      | Reached skill level 5 in Axes
  1130 | D:2      | Gained mutation: Your spells are a little harder to cast,
                  | but a little more powerful. [potion of mutation]
  1130 | D:2      | Gained mutation: Your spells are harder to cast, but more
                  | powerful. [potion of mutation]
  1132 | D:2      | Lost mutation: Your spells are harder to cast, but more
                  | powerful. [potion of mutation]
  1132 | D:2      | Lost mutation: Your spells are a little harder to cast, but
                  | a little more powerful. [potion of mutation]
  1132 | D:2      | Gained mutation: You have sharp fingernails. [potion of
                  | mutation]
  1132 | D:2      | Gained mutation: You have large cloven feet. [potion of
                  | mutation]
  1132 | D:2      | Gained mutation: Scrolls take you a little longer to read.
                  | [potion of mutation]
  1132 | D:2      | Gained mutation: Your muscles are strong. (Str +2) [potion
                  | of mutation]
  1292 | D:2      | Reached XP level 4. HP: 34/39 MP: 4/4
  1471 | D:3      | Reached skill level 6 in Axes
  1560 | D:3      | Found a faded altar of an unknown god.
  1734 | D:3      | Reached XP level 5. HP: 40/45 MP: 5/5
  2278 | D:4      | Found Zihuxe's Food Boutique.
  2314 | D:4      | Found Receahol's Weapon Boutique.
  2330 | D:4      | Reached skill level 7 in Axes
  2576 | D:4      | Found Ruic's General Store.
  2749 | D:4      | Reached XP level 6. HP: 55/55 MP: 6/6
  2754 | D:4      | Reached skill level 5 in Fighting
  3203 | D:4      | Bought a +2 war axe of chopping for 189 gold pieces
  3222 | D:5      | Entered Level 5 of the Dungeon
  3226 | D:5      | Reached XP level 7. HP: 54/62 MP: 7/7
  3348 | D:5      | Noticed Kay's ghost (novice DsMo)
  3358 | D:5      | Found a runed gate.
  3358 | D:5      | Found a runed gate.
  3360 | D:5      | Found a runed gate.
  3510 | D:5      | Noticed Prince Ribbit
  3518 | D:5      | Killed Prince Ribbit
  3518 | D:5      | Reached skill level 5 in Shields
  3550 | D:5      | Found Enoob's Book Shop.
  3556 | D:5      | Noticed Ijyb
  3568 | D:5      | Killed Ijyb
  3610 | D:5      | Noticed Sigmund
  3612 | D:5      | Found Zugog's Food Shop.
  3625 | D:5      | Killed Sigmund
  3625 | D:5      | Reached XP level 8. HP: 47/74 MP: 8/8
  3827 | D:5      | Noticed Grinder
  3836 | D:5      | Killed Grinder
  3843 | D:5      | Found Naoheso's Magic Scroll Emporium.
  3861 | D:5      | Found Yptang's Jewellery Boutique.
  3864 | D:5      | Bought a scroll of identify for 22 gold pieces
  3864 | D:5      | Bought a scroll of identify for 22 gold pieces
  3912 | D:5      | Noticed Blork the orc
  3914 | D:5      | Killed Blork the orc
  3977 | D:5      | Found Weizopp's General Store.
  4876 | D:6      | Reached XP level 9. HP: 38/83 MP: 9/9
  5105 | D:6      | Noticed Pikel
  5125 | D:6      | Killed Pikel
  5125 | D:6      | Reached skill level 5 in Armour
  5679 | D:6      | Noticed Menkaure
  5685 | D:6      | Killed Menkaure
  5995 | D:6      | Found a white marble altar of Elyvilon.
  6446 | D:7      | Found a staircase to the Ecumenical Temple.
  6483 | Temple   | Entered the Ecumenical Temple
  6541 | Temple   | Became a worshipper of Makhleb the Destroyer
  6753 | D:7      | Found a sand-covered staircase.
  6758 | Ossuary  | Entered an ossuary
  6866 | Ossuary  | Reached * piety under Makhleb
  7154 | D:7      | Found an opulent altar of Gozag.
  7800 | D:7      | Reached XP level 10. HP: 64/91 MP: 10/10
  7801 | D:7      | Noticed Harold
  7837 | D:7      | Killed Harold
  7837 | D:7      | Reached skill level 8 in Axes
  8306 | D:7      | Reached skill level 9 in Axes
  8581 | D:7      | Reached ** piety under Makhleb
  8600 | D:7      | Reached skill level 10 in Axes
  8768 | D:7      | Reached skill level 10 in Armour
  8903 | D:8      | Reached skill level 1 in Invocations
  8903 | D:8      | Reached skill level 1 in Evocations
  9535 | D:8      | Reached XP level 11. HP: 97/97 MP: 14/14
  9822 | D:8      | Reached *** piety under Makhleb
  9863 | D:8      | Reached skill level 11 in Axes
 10087 | D:9      | Noticed Erica
 10102 | D:9      | Killed Erica
 10102 | D:9      | Reached skill level 12 in Axes
 10138 | D:9      | Noticed a seven-headed hydra
 10169 | D:9      | HP: 4/97 [12-headed hydra (8)]
 10169 | D:9      | Slain by a 12-headed hydra

Skill      XL: |  1  2  3  4  5  6  7  8  9 10 11 |
---------------+----------------------------------+-----
Axes           | 3 4 5 6 7 10 12 | 12.4
Fighting       | 4 5 8 9 |  9.0
Shields        | 4 5 7 9 |  9.0
Armour         | 4 8 10 | 10.0
Invocations    | 4 |  4.5
Evocations     | 3 |  3.4

Action                   |  1- 3 |  4- 6 |  7- 9 | 10-12 || total
-------------------------+-------+-------+-------+-------++-------
Melee: War axe           |    99 |   139 |   327 |   309 ||   874
       Kick              |     1 |     6 |       |       ||     7
Invok: Lesser Servant of |       |       |       |     2 ||     2
Evoke: Wand              |       |       |       |     1 ||     1
  Use: Scroll            |     5 |     7 |    10 |     1 ||    23
       Potion            |     2 |       |     2 |     6 ||    10
  Eat: Chunk             |     1 |     6 |     6 |     5 ||    18
       Ration            |       |       |     3 |     3 ||     6
Armor: Scale mail        |    39 |    54 |    94 |       ||   187
       Chain mail        |       |       |     9 |    59 ||    68
       Plate armour      |       |       |       |   211 ||   211
Dodge: Dodged            |    41 |    35 |    76 |   109 ||   261
Block: Shield            |    74 |    60 |   168 |   306 ||   608
